cohdb
Replays
Latest Replays
All Replays
Popular Replays
Top Player Replays
Match Explorer
How It Works
Community
CoH3 Stats
Reddit
Sign in to upload your games and track your stats! →
Sign in with Steam
Match 45413272
Unlisted
Match 45413272
Overview
Messages
Build Orders
End
Vickers Machine Gun Team
Construct Section Command Post
Selects Heavy Armor Battlegroup
Infantry Section
Infantry Section
Infantry Section
Infantry Section
Construct Platoon Command Post
Unlock M3 Stuart Light Tanks
M3 Stuart Light Tank
Construct Field Infirmary
M3 Stuart Light Tank
6-pounder Anti-tank Gun Team
Unlock Bishop Self-propelled Artillery
Infantry Section
Selects Rigorous Vehicle Training
Selects Light Vehicle Withdraw and Refit
Selects Forward Repair Assembly
Light Vehicle Withdraw and Refit
Construct Company Command Post
Grenade Package
Foot Guards Section
Foot Guards Section
Crusader II Medium Tank
Infantry Training
boi_of_war
(502) Bad Gateway
0
0
Comments
sign in to comment!
No comments posted yet!